 Dungeon Crawl Stone Soup version 0.29-a0-243-g602b31c20e (webtiles) character file.

Game seed: 4474985324522743134

22 spaghetti the Skirmisher (level 2, 0/35 HPs)
             Began as an Ogre Chaos Knight on Mar 5, 2022.
             Was a Plaything of Xom.
             Succumbed to an adder's poison
             ... on level 2 of the Dungeon.
             The game lasted 00:01:44 (1160 turns).

spaghetti the Skirmisher (Ogre Chaos Knight)        Turns: 1160, Time: 00:01:45

Health: 0/35       AC:  5    Str: 15    XL:     2   Next: 91%
Magic:  1/2        EV:  9    Int: 13    God:    Xom [..*...]
Gold:   32         SH:  0    Dex:  8    Spells: 0/1 levels left

rFire   . . .      SeeInvis .   c - +1 club {mace}
rCold   . . .      Faith    .   (no shield)
rNeg    . . .      Spirit   .   a - +2 robe
rPois   .          Reflect  .   (helmet restricted)
rElec   .          Harm     .   (no cloak)
rCorr   .          Rampage  .   (gloves unavailable)
Will    .....                   (boots unavailable)
Stlth   +.........              (no amulet)
HPRegen 0.11/turn               (no ring)
MPRegen 0.08/turn               (no ring)

@: mighty, brilliant, lethally poisoned (0 -> -15), hasted, very quick
A: large, unfitting armour, tough skin 1
a: Renounce Religion


You were on level 2 of the Dungeon.
You worshipped Xom.
You were a toy of Xom.
You visited 1 branch of the dungeon, and saw 2 of its levels.

You collected 32 gold pieces.


Innate Abilities, Weirdness & Mutations

You are too large for most types of armour.
You have tough skin. (AC +1)


   Skills:
 - Level 5.2 Fighting
 - Level 2.1 Dodging
 - Level 2.6 Unarmed Combat
 + Level 0.5 Transmutations


You couldn't memorise any spells.
You knew the following spells:

 Your Spells              Type           Power      Damage    Failure   Level
a - Beastly Appendage     Tmut           2%         N/A       26%         1

Your spell library contained the following spells:

 Spells                   Type           Power      Damage    Failure   Level
 Slow                     Hex            0%         N/A       30%         1
 Wereblood                Tmut           1%         N/A       36%         2
 Spider Form              Tmut/Pois      0%         N/A       63%         3
 Confusing Touch          Hex            0%         N/A       67%         3
 Vampiric Draining        Necr           0%         2d6       67%         3

Inventory:

Hand Weapons
 c - a +1 club (weapon) {mace}
   (You found it on level 1 of the Dungeon)
 k - a +0 dagger {short}
   (You took it off a goblin on level 1 of the Dungeon)
Missiles
 l - 11 stones (quivered) {throwing}
Armour
 a - a +2 robe (worn)
Magical Staves
 e - a staff of air {!astaff}
   (You found it on level 1 of the Dungeon)
 f - a staff of poison {!astaff}
   (You found it on level 1 of the Dungeon)
Scrolls
 b - a scroll of fog {unknown}
 d - a scroll of immolation {!r!r}
 m - a scroll of identify {unknown}

Dungeon Overview and Level Annotations

Branches:
Dungeon (2/15)

Altars:

...............#.###.###
........................
..........#....#.###.#.
...###....####.#.#... #
...<......####.#.#.###...#
................J.........
.......#.#######S#........
..######. #.######### ###
#@# #.# #.# #.# #.. ###


You could see an adder and an endoplasm.


Message History

You miss the adder. The adder barely misses you. The adder bites you. 😕 HP[-3]
You take 3 damage, and now have 30/35 hp.
You hit the adder. The adder bites you. The adder barely misses you. 😕 HP[-3]
You take 3 damage, and now have 27/35 hp.
You barely miss the adder. The adder bites you.
You are poisoned.
The adder poisons you!
An endoplasm comes into view. 😮 HP[-1]
You take 1 damage, and now have 26/35 hp.
Casting: Beastly Appendage (safe; 26% risk of failure)
Confirm with . or Enter, or press ? or * to list all spells.
You miscast Beastly Appendage.
You are very lightly contaminated with residual magic.
Nothing appears to happen.
The endoplasm quivers.
You feel sick. The adder bites you.
You are more poisoned.
The adder poisons you!
The adder closely misses you. 😮 HP[-5] MP[-1]
You take 5 damage, and now have 21/35 hp.
You lost 1 mp, and now have 1/2 mp.
You feel sick. 😮 HP[-2]
You take 2 damage, and now have 19/35 hp.
You feel sick. 😨 HP[-2]
You take 2 damage, and now have 17/35 hp.
It was a potion of brilliance.
You feel clever all of a sudden.
You feel sick.
The adder bites you but does no damage. 😨 HP[-1]
You take 1 damage, and now have 16/35 hp.
You feel sick. The adder barely misses you.
Casting: Beastly Appendage (safe; 26% risk of failure)
Confirm with . or Enter, or press ? or * to list all spells.
You feel a surge of power!
You miscast Beastly Appendage.
Nothing appears to happen.
You feel sick.
The adder bites you but does no damage. 😨 HP[-1] MP[-1]
You take 1 damage, and now have 15/35 hp.
You lost 1 mp, and now have 0/2 mp.
It was a potion of curing.
You feel better.
Xom thinks this is hilarious!
The adder bites you. 😮 HP[+7]
You regained 7 hp, and now have 22/35 hp.
Casting: Beastly Appendage (safe; 26% risk of failure)
Confirm with . or Enter, or press ? or * to list all spells.
You don't have enough magic to cast this spell.
You hit the adder but do no damage. The adder closely misses you.
The adder barely misses you.
You closely miss the adder. The adder bites you.
You are poisoned.
The adder poisons you! The adder bites you. 😮 HP[-4]
You take 4 damage, and now have 18/35 hp.
You hit the adder but do no damage.
You feel sick.
The adder bites you but does no damage. 😨 HP[-2]
You take 2 damage, and now have 16/35 hp.
You hit the adder.
You feel sick. The adder bites you but does no damage.
The adder barely misses you. 😨 HP[-1]
You take 1 damage, and now have 15/35 hp.
You barely miss the adder.
You feel sick. The adder bites you but does no damage. The adder bites you.
* * * LOW HITPOINT WARNING * * *
😨 HP[-4] MP[+1]
You take 4 damage, and now have 11/35 hp.
It was a potion of might.
You feel very mighty all of a sudden.
Xom thinks this is hilarious!
You feel sick.
You are no longer poisoned.
The adder completely misses you.
Your magical contamination has completely faded away.
You barely miss the adder. The adder bites you.
* * * LOW HITPOINT WARNING * * *
You are poisoned.
The adder poisons you! The adder bites you.
* * * LOW HITPOINT WARNING * * *
You are more poisoned.
The adder poisons you! 😱 HP[-5]
You take 5 damage, and now have 6/35 hp.
It was a potion of haste.
You feel yourself speed up.
* * * LOW HITPOINT WARNING * * *
You feel very sick. The adder bites you.
* * * LOW HITPOINT WARNING * * *
You are more poisoned.
The adder poisons you! 😱 HP[-4]
You take 4 damage, and now have 2/35 hp.
You die...
Xom bursts into laughter!

Skill      XL: |  1  2 |
---------------+-------+-----
Fighting       | 5 |  5.2
Dodging        | |  2.1
Unarmed Combat | |  2.6
Transmutations | |  0.5

Action                   || total
-------------------------++-------
Melee: Unarmed           ||    39
       Punch             ||     1
       Club              ||    54
  Use: Potion            ||     4
       Scroll            ||     1
Armor: Robe              ||    51
Dodge: Dodged            ||    73

Levels and vault maps discovered:
D:1:      tarquinn_simple_flora_water_b, layout_rooms,
          hellmonk_ecumenical_altar_blasted
D:2:      minmay_thinvault, layout_basic, basic_altar, feat_on_display

Notes
Turn   | Place    | Note
-------+----------+-------------------------------------------
     0 | D:1      | spaghetti the Ogre Chaos Knight began the quest for the
                  | Orb.
     0 | D:1      | Reached XP level 1. HP: 24/24 MP: 1/1
     0 | D:1      | magus.rc [v1.9.6]
    57 | D:1      | XOM: potion effect (might)
    65 | D:1      | HP: 6/26 [ball python (2)]
    67 | D:1      | Reached XP level 2. HP: 8/33 MP: 2/2
    70 | D:1      | HP: 4/33 [quokka (3)]
   121 | D:1      | Reached skill level 5 in Fighting
   470 | D:1      | Found a faded altar of an unknown god.
   670 | D:1      | You pick up a book of Changes and begin reading...
   670 | D:1      | You add the spells Beastly Appendage, Wereblood and Spider
                  | Form to your library.
   675 | D:1      | Learned a level 1 spell: Beastly Appendage
   787 | D:1      | You pick up a book of Debilitation and begin reading...
   787 | D:1      | You add the spells Slow, Vampiric Draining and Confusing
                  | Touch to your library.
  1158 | D:2      | HP: 6/35 [adder (3)]
  1159 | D:2      | HP: 2/35 [adder (1)]
  1160 | D:2      | Succumbed to an adder's poison

Vanquished Creatures
  A bat (D:1)
  An endoplasm (D:1)
  A giant cockroach (D:1)
  A goblin (D:1)
  2 hobgoblins (D:1)
  4 jackals (D:1)
  2 quokkas
  5 ball pythons (D:1)
  A kobold (D:1)
  A rat (D:1)
19 creatures vanquished.

Table legend:
 A = Non-vault XP
 B = Vault XP
 C = Vault XP percentage of total XP
 D = Non-vault monster count
 E = Vault monster count
 F = Vault count percentage of total count
                 A         B        C        D         E       F
            +---------+---------+-------+---------+---------+-------
      Total |      32 |       0 |   0.0 |      19 |       0 |   0.0
            +---------+---------+-------+---------+---------+-------
        D:1 |      30 |       0 |   0.0 |      18 |       0 |   0.0
        D:2 |       2 |       0 |   0.0 |       1 |       0 |   0.0
            +---------+---------+-------+---------+---------+-------

Illustrated notes

Table legend:
 A = Kills in this place as a percentage of kills in entire the game.
 B = Kills by you in this place as a percentage of kills by you in the entire game.
 C = Kills by friends in this place as a percentage of kills by friends in the entire game.
 D = Other kills in this place as a percentage of other kills in the entire game.
 E = Experience gained in this place as a percentage of experience gained in the entire game.
 F = Experience gained in this place divided by the number of levels of this place that you have seen.
                   A       B       C       D       E      F
               +-------+-------+-------+-------+-------+----------------------
         Total | 100.0 | 100.0 |   N/A |   N/A | 100.0 |  16.0
       Dungeon | 100.0 | 100.0 |   N/A |   N/A | 100.0 |  16.0
               +-------+-------+-------+-------+-------+----------------------

Table legend: (Time is in decaauts)
 A = Elapsed time spent in this place.
 B = Non-inter-level travel time spent in this place.
 C = Inter-level travel time spent in this place.
 D = Time resting spent in this place.
 E = Time spent auto-exploring this place.
 F = Levels seen in this place.
 G = Mean time per level.
                   A        B        C        D        E       F      G
               +--------+--------+--------+--------+--------+-----+--------+
         Total |   1172 |   1164 |      8 |    442 |    517 |   2 |  586.0 |
       Dungeon |   1172 |   1164 |      8 |    442 |    517 |   2 |  586.0 |
               +--------+--------+--------+--------+--------+-----+--------+

Top non-repeatable levels by time:
     D:1: 969 daAuts
     D:2: 203 daAuts
